 Dungeon Crawl Stone Soup version 0.29-a0-887-gcbe080d7e0 (webtiles) character file.

Game seed: 431383469372503887

1135 spaghetti the Grave Robber (level 8, -20/58 HPs)
             Began as a Gnoll Necromancer on July 21, 2022.
             Was an Initiate of Hepliaklqana.
             Demolished by a two-headed ogre
             ... wielding a +0 dire flail
              (30 damage)
             ... on level 5 of the Dungeon.
             The game lasted 00:07:19 (4066 turns).

spaghetti the Grave Robber (Gnoll Necromancer)      Turns: 4066, Time: 00:07:20

Health: -20/58     AC:  4    Str:  9    XL:     8   Next: 36%
Magic:  14/26      EV: 13    Int: 16    God:    Hepliaklqana [......]
Gold:   235        SH:  4    Dex: 12    Spells: 6/19 levels left

rFire   . . .      SeeInvis .   u - +1 dagger (venom) {short}
rCold   . . .      Faith    .   o - +0 buckler
rNeg    . . .      Spirit   .   a - +0 robe
rPois   .          Reflect  .   k - +0 helmet
rElec   .          Harm     .   w - +0 cloak
rCorr   .          Rampage  .   (no gloves)
Will    .....                   (no boots)
Stlth   +++.......              (no amulet)
HPRegen 0.19/turn               c - ring of magical power
MPRegen 0.20/turn               (no ring)

@: animating dead
A: fangs 1, strong nose, distributed training
a: Renounce Religion


You were on level 5 of the Dungeon.
You worshipped Hepliaklqana.
Hepliaklqana was noncommittal.
You visited 2 branches of the dungeon, and saw 6 of its levels.

You collected 235 gold pieces.


Innate Abilities, Weirdness & Mutations

You have very sharp teeth.
Your uncanny sense of smell can sniff out nearby items.
Your experience applies equally to all skills.


   Skills:
 + Level 3.3 Fighting
 + Level 3.3 Short Blades
 + Level 3.3 Long Blades
 + Level 3.3 Axes
 + Level 3.3 Maces & Flails
 + Level 3.3 Polearms
 + Level 3.3 Staves
 + Level 3.3 Ranged Weapons
 + Level 3.3 Throwing
 + Level 3.3 Armour
 + Level 5.7 Dodging
 + Level 5.4 Stealth
 + Level 3.3 Shields
 + Level 3.3 Unarmed Combat
 + Level 6.1 Spellcasting
 + Level 2.7 Conjurations
 + Level 2.7 Hexes
 + Level 2.7 Summonings
 + Level 7.6 Necromancy
 + Level 2.7 Translocations
 + Level 2.7 Transmutations
 + Level 2.7 Fire Magic
 + Level 2.7 Ice Magic
 + Level 2.7 Air Magic
 + Level 2.7 Earth Magic
 + Level 2.7 Poison Magic
 + Level 3.6 Invocations
 + Level 3.3 Evocations


You had 6 spell levels left.
You knew the following spells:

 Your Spells              Type           Power      Damage    Failure   Level
a - Necrotise             Necr           100%       1d9       1%          1
b - Vampiric Draining     Necr           29%        2d8       2%          3
c - Animate Dead          Necr           29%        N/A       8%          4
d - Alistair's Intoxicat  Tmut/Pois      8%         N/A       85%         5

Your spell library contained the following spells:

 Spells                   Type           Power      Damage    Failure   Level
 Agony                    Necr           29%        N/A       22%         5
 Borgnjor's Vile Clutch   Necr/Erth      10%        N/A       52%         5
 Eringya's Noxious Bog    Tmut/Pois      6%         N/A       100%        6

Inventory:

Hand Weapons
 d - a +0 short sword {short}
   (You took it off a kobold on level 1 of the Dungeon)
 e - a +0 club {mace}
   (You took it off a kobold on level 1 of the Dungeon)
 t - a +2 rapier of draining {short}
   (You found it on level 2 of the Dungeon)
 u - a +1 dagger of venom (weapon) {short}
   (You took it off a kobold on level 2 of the Dungeon)
Missiles
 f - 30 stones {throwing}
 r - 5 boomerangs {throwing}
 v - 7 poisoned darts {throwing}
Armour
 a - a +0 robe (worn)
 k - a +0 helmet (worn)
   (You found it on level 1 of the Dungeon)
 o - a +0 buckler (worn)
   (You found it on level 5 of the Dungeon)
 s - a +2 ring mail of willpower
   (You found it on level 2 of the Dungeon)
 w - a +0 cloak (worn)
   (You found it on level 2 of the Dungeon)
Jewellery
 c - a ring of magical power (left hand)
   (You found it on level 4 of the Dungeon)
Wands
 m - a wand of digging (6)
   (You found it on level 5 of the Dungeon)
 p - a wand of iceblast (13)
   (You found it on level 5 of the Dungeon)
Scrolls
 g - 2 scrolls of enchant armour
 h - a scroll of teleportation {@r4}
 n - a scroll of noise {!r}
Potions
 b - a potion of magic
 j - a potion of brilliance
 l - a potion of curing {@q1}
 q - a potion of mutation {unknown}
 z - 3 potions of haste {unknown}

Dungeon Overview and Level Annotations

Branches:
Dungeon (5/15) Zot: 26055  Temple (1/1) D:5 Zot: 5850

Altars:
Cheibriados
Hepliaklqana
Makhleb
Ru
Trog
Uskayaw
Wu Jian
Xom

Annotations:
D:3 IdlyInterested's ghost, weakling DsWn
D:5 1 runed translucent door, Crazy Yiuf

.###...#♣♣♣♣♣♣♣ ∆∆ #.....#
.###<..'............ +.....#
.#.....'........... +......
.......#♣♣♣♣♣♣♣⌠..⌠ #......
#...[..# ♣..♣ #...... ##.#...#
♣..♣ #.....# #..#..## ♣.b♣
##....## ......# ♣Ob♣ ##.)..##.
.....###### ♣@b♣ ##........
#....# #..## ♣.b♣ ##....<....
.....####..## ♣bb♣ #..#.##....
.######.....####''#####...##....#
..#........###...........###.....
...........###..........###...##.
.......#................#.##.....
..###.###....#.....###...........
.## #####...##..#...##...........


You could see a two-headed ogre (ally target).


Message History

You call upon the dead to rise.
You feel sick.
The orc wizard casts a spell.
The orc wizard flickers and vanishes!
Deactivating autopickup; reactivate with Ctrl-A.
The adder misses you. 😕 HP[-1] MP[-4]
You take 1 damage, and now have 54/58 hp.
You lost 4 mp, and now have 22/26 mp.
Casting: Animate Dead (dangerous; 8% risk of failure)
Confirm with . or Enter, or press ? or * to list all spells.
Aiming: Necrotise (safe; 1% risk of failure)
Press: ? - help, Shift-Dir - straight line, f - adder
Aim: an adder (chance to affect: 88%)
The adder writhes in agony!
You feel sick.
The adder bites you but does no damage. 😕 HP[-1] MP[-1]
You take 1 damage, and now have 53/58 hp.
You lost 1 mp, and now have 21/26 mp.
Casting: Necrotise (safe; 1% risk of failure)
Confirm with . or Enter, or press ? or * to list all spells.
Aiming: Necrotise (safe; 1% risk of failure)
Press: ? - help, Shift-Dir - straight line, f/p - adder
Aim: an adder (almost dead, chance to affect: 88%)
The adder barely resists.
You feel sick.
The adder barely misses you. x2 😕 MP[-1]
You lost 1 mp, and now have 20/26 mp.
Casting: Necrotise (safe; 1% risk of failure)
Confirm with . or Enter, or press ? or * to list all spells.
Aiming: Necrotise (safe; 1% risk of failure)
Press: ? - help, Shift-Dir - straight line, f/p - adder
Aim: an adder (severely wounded, chance to affect: 88%)
The adder writhes in agony.
You kill the adder!
The dead are slithering!
You feel sick.
You are no longer poisoned.
Something barely misses your adder zombie. 😕 HP[-1] MP[-1]
You take 1 damage, and now have 52/58 hp.
You lost 1 mp, and now have 19/26 mp.
Casting: Necrotise (safe; 1% risk of failure)
Confirm with . or Enter, or press ? or * to list all spells.
Aiming: Necrotise (safe; 1% risk of failure)
Press: ? - help, Shift-Dir - straight line, f - two-headed ogre
Aim: a two-headed ogre, wielding a +0 dire flail and a +0 giant spiked club (ally target, chance to affect: 70%)
The two-headed ogre writhes in agony.
A puff of flame appears from out of thin air!
The puff of flame hits your adder zombie!
Your adder zombie barely misses the two-headed ogre.
Casting: Necrotise (safe; 1% risk of failure)
Confirm with . or Enter, or press ? or * to list all spells.
Aiming: Necrotise (safe; 1% risk of failure)
Press: ? - help, Shift-Dir - straight line, f/p - two-headed ogre
Aim: a two-headed ogre, wielding a +0 dire flail and a +0 giant spiked club (lightly wounded, ally target, chance to affect: 70%)
The two-headed ogre writhes in agony. 😕 MP[-1]
You lost 1 mp, and now have 18/26 mp.
Casting: Necrotise (safe; 1% risk of failure)
Confirm with . or Enter, or press ? or * to list all spells.
Aiming: Necrotise (safe; 1% risk of failure)
Press: ? - help, Shift-Dir - straight line, f/p - two-headed ogre
Aim: a two-headed ogre, wielding a +0 dire flail and a +0 giant spiked club (lightly wounded, ally target, chance to affect: 70%)
The two-headed ogre writhes in agony.
The two-headed ogre completely misses you.
The two-headed ogre hits you with a +0 giant spiked club!!
Something hits your adder zombie.
Your adder zombie bites the two-headed ogre but does no damage. 😮 HP[-19] MP[-1]
You take 19 damage, and now have 33/58 hp.
MASSIVE DAMAGE!! (PAUSE)
You lost 1 mp, and now have 17/26 mp.
Casting: Necrotise (safe; 1% risk of failure)
Confirm with . or Enter, or press ? or * to list all spells.
Aiming: Vampiric Draining (dangerous; 2% risk of failure)
Press: ? - help, Shift-Dir - straight line, f/p - two-headed ogre
Aim: a two-headed ogre, wielding a +0 dire flail and a +0 giant spiked club (moderately wounded, ally target)
You draw life force from the two-headed ogre!
You feel life coursing into your body.
A puff of flame appears from out of thin air!
The puff of flame hits your adder zombie!
Your adder zombie is destroyed!
The two-headed ogre hits you with a +0 dire flail!!
Ouch! That really hurt!
* * * LOW HITPOINT WARNING * * *
The two-headed ogre barely misses you. 😱 HP[-23] MP[-3]
You take 23 damage, and now have 10/58 hp.
MASSIVE DAMAGE!! (PAUSE)
You lost 3 mp, and now have 14/26 mp.
Okay, then.
Okay, then.
As you read the scroll of butterflies, it crumbles to dust.
You hear the tinkle of a tiny bell.
Something hits your butterfly.
Your butterfly dies!
Your butterfly disappears in a puff of smoke!
You swap places.
The two-headed ogre attacks as you move away!
The two-headed ogre barely misses you.
The two-headed ogre hits you with a +0 giant spiked club!!
Ouch! That really hurt!
You die...

Skill      XL: |  1  2  3  4  5  6  7  8 |
---------------+-------------------------+-----
Spellcasting   | 5 6 |  6.1
Invocations    | 1 2 3 |  3.6
Fighting       | 1 2 3 |  3.3
Short Blades   | 1 2 3 |  3.3
Long Blades    | 1 2 3 |  3.3
Axes           | 1 2 3 |  3.3
Maces & Flails | 1 2 3 |  3.3
Polearms       | 1 2 3 |  3.3
Staves         | 1 2 3 |  3.3
Ranged Weapons | 1 2 3 |  3.3
Throwing       | 1 2 3 |  3.3
Armour         | 1 2 3 |  3.3
Shields        | 1 2 3 |  3.3
Unarmed Combat | 1 2 3 |  3.3
Evocations     | 1 2 3 |  3.3
Conjurations   | 1 2 |  2.7
Hexes          | 1 2 |  2.7
Summonings     | 1 2 |  2.7
Translocations | 1 2 |  2.7
Transmutations | 1 2 |  2.7
Fire Magic     | 1 2 |  2.7
Ice Magic      | 1 2 |  2.7
Air Magic      | 1 2 |  2.7
Earth Magic    | 1 2 |  2.7
Poison Magic   | 1 2 |  2.7
Dodging        | 5 |  5.7
Stealth        | 5 |  5.4
Necromancy     | |  7.6

Action                   |  1- 3 |  4- 6 |  7- 9 || total
-------------------------+-------+-------+-------++-------
Melee: Unarmed           |     1 |       |       ||     1
       Short sword       |    12 |       |       ||    12
       Dagger            |       |    68 |    97 ||   165
       Bite              |       |     3 |    11 ||    14
       Punch             |       |     1 |     1 ||     2
 Cast: Necrotise         |    59 |    13 |    11 ||    83
       Vampiric Draining |       |     3 |     6 ||     9
       Animate Dead      |       |       |     1 ||     1
  Use: Potion            |       |     5 |     1 ||     6
       Scroll            |       |       |     8 ||     8
 Stab: Sleeping          |       |     2 |     7 ||     9
       Invisible         |       |       |     4 ||     4
Armor: Robe              |     6 |    11 |    10 ||    27
Dodge: Dodged            |    27 |    58 |    51 ||   136
Block: Buckler           |       |       |     6 ||     6

Levels and vault maps discovered:
D:1:      giann_bridges, layout_rooms, shapermc_ecumenical_altar_acropolis,
          moated_statue
D:2:      layout_rooms, uniq_natasha
D:3:      layout_loops_cross, vehumet_statue, ebering_ghost_sewer_f,
          uniq_grinder
D:4:      layout_cave_pools, ebering_ghost_reflecting_pool,
          kennysheep_big_empty_room
D:5:      kennysheep_big_flooded_room, layout_cave_pools,
          grunt_temple_overflow_order_and_chaos_1,
          minmay_temple_entry_gardened_gates, gup_sewer_entry_bubbles,
          uniq_crazy_yiuf_cottage
Temple:   nicolae_temple_bog_church

Notes
Turn   | Place    | Note
-------+----------+-------------------------------------------
     0 | D:1      | spaghetti the Gnoll Necromancer began the quest for the
                  | Orb.
     0 | D:1      | Reached XP level 1. HP: 13/13 MP: 6/6
     0 | D:1      | magus.rc [v1.9.6]
    66 | D:1      | Reached XP level 2. HP: 14/19 MP: 2/7
   376 | D:1      | Reached skill level 5 in Spellcasting
   376 | D:1      | Reached XP level 3. HP: 23/25 MP: 3/9
   464 | D:1      | Found a faded altar of an unknown god.
   664 | D:1      | Reached skill level 1 in Invocations
   990 | D:2      | Reached skill level 1 in Fighting
   990 | D:2      | Reached skill level 1 in Short Blades
   990 | D:2      | Reached skill level 1 in Long Blades
   990 | D:2      | Reached skill level 1 in Axes
   990 | D:2      | Reached skill level 1 in Maces & Flails
   990 | D:2      | Reached skill level 1 in Polearms
   990 | D:2      | Reached skill level 1 in Staves
   990 | D:2      | Reached skill level 1 in Ranged Weapons
   990 | D:2      | Reached skill level 1 in Throwing
   990 | D:2      | Reached skill level 1 in Armour
   990 | D:2      | Reached skill level 1 in Shields
   990 | D:2      | Reached skill level 1 in Unarmed Combat
   990 | D:2      | Reached skill level 1 in Evocations
  1195 | D:2      | Reached XP level 4. HP: 32/32 MP: 7/11
  1209 | D:2      | Reached skill level 1 in Conjurations
  1209 | D:2      | Reached skill level 1 in Hexes
  1209 | D:2      | Reached skill level 1 in Summonings
  1209 | D:2      | Reached skill level 1 in Translocations
  1209 | D:2      | Reached skill level 1 in Transmutations
  1209 | D:2      | Reached skill level 1 in Fire Magic
  1209 | D:2      | Reached skill level 1 in Ice Magic
  1209 | D:2      | Reached skill level 1 in Air Magic
  1209 | D:2      | Reached skill level 1 in Earth Magic
  1209 | D:2      | Reached skill level 1 in Poison Magic
  1349 | D:2      | Noticed Natasha
  1357 | D:2      | Killed Natasha
  1358 | D:2      | Reached XP level 5. HP: 31/37 MP: 12/12
  1362 | D:2      | Learned a level 3 spell: Vampiric Draining
  1659 | D:2      | Noticed Natasha
  1669 | D:2      | Killed Natasha
  1669 | D:2      | Noticed Natasha
  1675 | D:2      | Killed Natasha
  1877 | D:3      | Noticed Grinder
  1894 | D:3      | HP: 7/38 [Grinder (6)]
  1894 | D:3      | HP: 1/38 [Grinder (6)]
  1895 | D:3      | Killed Grinder
  1896 | D:3      | Reached skill level 2 in Fighting
  1896 | D:3      | Reached skill level 2 in Short Blades
  1896 | D:3      | Reached skill level 2 in Long Blades
  1896 | D:3      | Reached skill level 2 in Axes
  1896 | D:3      | Reached skill level 2 in Maces & Flails
  1896 | D:3      | Reached skill level 2 in Polearms
  1896 | D:3      | Reached skill level 2 in Staves
  1896 | D:3      | Reached skill level 2 in Ranged Weapons
  1896 | D:3      | Reached skill level 2 in Throwing
  1896 | D:3      | Reached skill level 2 in Armour
  1896 | D:3      | Reached skill level 5 in Dodging
  1896 | D:3      | Reached skill level 2 in Shields
  1896 | D:3      | Reached skill level 2 in Unarmed Combat
  1896 | D:3      | Reached skill level 2 in Invocations
  1896 | D:3      | Reached skill level 2 in Evocations
  1896 | D:3      | Reached XP level 6. HP: 27/44 MP: 9/14
  2294 | D:3      | Found a runed translucent door.
  2303 | D:3      | Noticed IdlyInterested's ghost (weakling DsWn)
  2399 | D:3      | You add the spells Alistair's Intoxication, Borgnjor's Vile
                  | Clutch and Eringya's Noxious Bog to your library.
  2426 | D:4      | Learned a level 4 spell: Animate Dead
  2444 | D:4      | Found a runed translucent door.
  2450 | D:4      | Noticed buhh's ghost (amateur MeBe)
  2467 | D:4      | Reached XP level 7. HP: 48/51 MP: 15/15
  2991 | D:4      | Killed buhh's ghost
  2992 | D:4      | Reached skill level 5 in Stealth
  2992 | D:4      | Reached skill level 2 in Conjurations
  2992 | D:4      | Reached skill level 2 in Hexes
  2992 | D:4      | Reached skill level 2 in Summonings
  2992 | D:4      | Reached skill level 2 in Translocations
  2992 | D:4      | Reached skill level 2 in Transmutations
  2992 | D:4      | Reached skill level 2 in Fire Magic
  2992 | D:4      | Reached skill level 2 in Ice Magic
  2992 | D:4      | Reached skill level 2 in Air Magic
  2992 | D:4      | Reached skill level 2 in Earth Magic
  2992 | D:4      | Reached skill level 2 in Poison Magic
  2992 | D:4      | Reached skill level 3 in Invocations
  3061 | D:4      | Learned a level 5 spell: Alistair's Intoxication
  3079 | D:5      | Entered Level 5 of the Dungeon
  3231 | D:5      | Reached skill level 3 in Fighting
  3231 | D:5      | Reached skill level 3 in Short Blades
  3231 | D:5      | Reached skill level 3 in Long Blades
  3231 | D:5      | Reached skill level 3 in Axes
  3231 | D:5      | Reached skill level 3 in Maces & Flails
  3231 | D:5      | Reached skill level 3 in Polearms
  3231 | D:5      | Reached skill level 3 in Staves
  3231 | D:5      | Reached skill level 3 in Ranged Weapons
  3231 | D:5      | Reached skill level 3 in Throwing
  3231 | D:5      | Reached skill level 3 in Armour
  3231 | D:5      | Reached skill level 3 in Shields
  3231 | D:5      | Reached skill level 3 in Unarmed Combat
  3231 | D:5      | Reached skill level 3 in Evocations
  3231 | D:5      | Reached XP level 8. HP: 58/58 MP: 16/16
  3325 | D:5      | Found a runed translucent door.
  3326 | D:5      | Noticed Crazy Yiuf
  3395 | D:5      | Reached skill level 6 in Spellcasting
  3561 | D:5      | Found a shimmering altar of Xom.
  3564 | D:5      | Noticed an angel
  3565 | D:5      | HP: 14/58 [ogre/+0 giant club (24)]
  3609 | D:5      | Found a staircase to the Ecumenical Temple.
  3623 | Temple   | Entered the Ecumenical Temple
  3760 | Temple   | Became a worshipper of Hepliaklqana the Forgotten
  4055 | D:5      | Noticed a two-headed ogre
  4064 | D:5      | HP: 10/58 [two-headed ogre/+0 dire flail (29)]
  4066 | D:5      | Demolished by a two-headed ogre

Vanquished Creatures
  The ghost of buhh the Chopper, an amateur MeBe of Trog (D:4)
  Grinder (D:3)
  An ogre (D:5)
  5 scorpions (D:5)
  A howler monkey (D:4)
  2 iguanas
  Natasha (thrice) (D:2)
  3 gnolls (D:2)
  4 adders
  A shadow imp (D:5)
  A worm (D:5)
  2 dart slugs
  5 orcs
  2 ball pythons (D:1)
  3 bats
  4 endoplasms
  6 giant cockroaches
  5 goblins
  7 hobgoblins
  7 jackals
  7 quokkas
  6 frilled lizards
  7 kobolds
  7 rats
91 creatures vanquished.

Vanquished Creatures (collateral kills)
  2 giant cockroaches
  A jackal (D:2)
  A quokka (D:2)
  2 frilled lizards (D:1)
  A kobold (D:1)
  2 rats (D:1)
9 creatures vanquished.

Vanquished Creatures (others)
  An adder zombie (D:5)
  3 fungi (D:1)
  2 plants
6 creatures vanquished.

Grand Total: 106 creatures vanquished

Table legend:
 A = Non-vault XP
 B = Vault XP
 C = Vault XP percentage of total XP
 D = Non-vault monster count
 E = Vault monster count
 F = Vault count percentage of total count
                 A         B        C        D         E       F
            +---------+---------+-------+---------+---------+-------
      Total |     982 |     640 |  39.5 |      92 |       8 |   8.0
            +---------+---------+-------+---------+---------+-------
        D:1 |      55 |       0 |   0.0 |      35 |       0 |   0.0
        D:2 |     174 |      35 |  16.7 |      25 |       1 |   3.8
        D:3 |      51 |     277 |  84.5 |       9 |       1 |  10.0
        D:4 |      77 |     316 |  80.4 |      10 |       1 |   9.1
        D:5 |     625 |      12 |   1.9 |      13 |       5 |  27.8
            +---------+---------+-------+---------+---------+-------

Illustrated notes

Table legend:
 A = Kills in this place as a percentage of kills in entire the game.
 B = Kills by you in this place as a percentage of kills by you in the entire game.
 C = Kills by friends in this place as a percentage of kills by friends in the entire game.
 D = Other kills in this place as a percentage of other kills in the entire game.
 E = Experience gained in this place as a percentage of experience gained in the entire game.
 F = Experience gained in this place divided by the number of levels of this place that you have seen.
                   A       B       C       D       E      F
               +-------+-------+-------+-------+-------+----------------------
         Total | 100.0 | 100.0 | 100.0 |   N/A | 100.0 | 270.3
       Dungeon | 100.0 | 100.0 | 100.0 |   N/A | 100.0 | 324.4
               +-------+-------+-------+-------+-------+----------------------

Table legend: (Time is in decaauts)
 A = Elapsed time spent in this place.
 B = Non-inter-level travel time spent in this place.
 C = Inter-level travel time spent in this place.
 D = Time resting spent in this place.
 E = Time spent auto-exploring this place.
 F = Levels seen in this place.
 G = Mean time per level.
                   A        B        C        D        E       F      G
               +--------+--------+--------+--------+--------+-----+--------+
         Total |   4093 |   3956 |    137 |     24 |   3193 |   6 |  682.2 |
       Dungeon |   3944 |   3817 |    127 |     24 |   3066 |   5 |  788.8 |
        Temple |    149 |    139 |     10 |      0 |    127 |   1 |  149.0 |
               +--------+--------+--------+--------+--------+-----+--------+

Top non-repeatable levels by time:
     D:2: 970 daAuts
     D:1: 929 daAuts
     D:5: 854 daAuts
     D:4: 664 daAuts
     D:3: 525 daAuts
  Temple: 149 daAuts
